 Seeded DCSS version 0.30-a0-881-g1ff12e1e11 (webtiles) character file.

Game seed: 45 (custom seed)

6 Mogus the Trooper (level 2, -1/24 HPs)
             Began as a Human Berserker on Mar 14, 2023.
             Was a Follower of Trog.
             Slain by a kobold
             ... wielding a +0 whip
              (4 damage)
             ... on level 2 of the Dungeon.
             The game lasted 00:03:07 (291 turns).

Mogus the Trooper (Human Berserker)                  Turns: 291, Time: 00:03:08

Health: -1/24      AC:  2    Str: 17    XL:     2   Next: 0%
Magic:  0/2        EV: 12    Int:  7    God:    Trog [*.....]
Gold:   41         SH:  0    Dex: 12    Spells: 1/1 levels left

rFire   . . .      SeeInvis .    a - +0 falchion
rCold   . . .      Faith    .    (no shield)
rNeg    . . .      Spirit   +    b - +0 animal skin
rPois   .          Reflect  .    (no helmet)
rElec   .          Rampage  .    (no cloak)
rCorr   .                        (no gloves)
Will    .....                    (no boots)
Stlth   +                        d - amulet of guardian spirit
HPRegen 0.24/turn                (no ring)
MPRegen 0.08/turn                (no ring)

@: no status effects
A: no striking features
a: Renounce Religion, Berserk


You were on level 2 of the Dungeon.
You worshipped Trog.
Trog was aware of your devotion.
You visited 1 branch of the dungeon, and saw 2 of its levels.

You collected 41 gold pieces.

Inventory:

Hand Weapons
 a - a +0 falchion (weapon)
Armour
 b - a +0 animal skin (worn)
Jewellery
 d - an amulet of guardian spirit (around neck)
Scrolls
 e - a scroll of poison {unknown}
Potions
 c - a potion of curing {unknown}


   Skills:
 + Level 3.2 Fighting
 + Level 3.0 Long Blades
 + Level 2.0 Armour
 + Level 2.1 Dodging


You had one spell level left.
You didn't know any spells.
Your spell library was empty.

Dungeon Overview and Level Annotations

Branches:
Dungeon (2/15)

Altars:


Message History

The frilled lizard hisses angrily.
Found five items.
Found a stone staircase leading down.
There is a stone staircase leading up here.
You barely miss the frilled lizard. The frilled lizard bites you.
The hobgoblin shouts!
You hit the hobgoblin but do no damage. The hobgoblin hits you.
The frilled lizard misses you.
You closely miss the hobgoblin.
The hobgoblin hits you but does no damage.
The frilled lizard misses you.
You barely miss the hobgoblin. The hobgoblin hits you.
The frilled lizard closely misses you.
You barely miss the hobgoblin. The hobgoblin hits you.
The frilled lizard barely misses you.
You barely miss the hobgoblin. The frilled lizard bites you.
The hobgoblin closely misses you. The kobold hits you with a +0 whip. x2
* * * LOW HITPOINT WARNING * * *
The hobgoblin hits you.
* * * LOW HITPOINT WARNING * * *
The frilled lizard misses you.
The frilled lizard attacks as you move away!
The frilled lizard completely misses you.
The hobgoblin attacks as you move away! The hobgoblin closely misses you.
Found a stone staircase leading down.
Found 5 poisoned darts.
The kobold attacks as you move away! The kobold hits you with a +0 whip.
* * * LOW HITPOINT WARNING * * *
Found a viscous purple potion and a scroll labelled SUSMIC REFEPAWN.
The frilled lizard attacks as you move away!
The frilled lizard misses you.
The frilled lizard attacks as you move away!
The frilled lizard barely misses you. The kobold closely misses you.
The kobold hits you with a +0 whip.
* * * LOW HITPOINT WARNING * * *
You see here a viscous purple potion.
Okay, then.
The kobold attacks as you move away! The kobold barely misses you.
You see here a scroll labelled SUSMIC REFEPAWN.
The kobold attacks as you move away! The kobold hits you with a +0 whip.
You die...

### .. .. ... #.##
...###..#
#....##.####
.....#.@K.# #.
#..#.##l####### #(.
#...##........
#...#...!...######
#......###.# .
#..........#####..
#...........#.....#
...#...............#
.. #...............#


You could see a kobold and a frilled lizard.

Vanquished Creatures
  A dart slug (D:1)
  A giant cockroach (D:1)
  A goblin (D:1)
  A frilled lizard (D:1)
4 creatures vanquished.

Notes
Turn   | Place    | Note
-------+----------+-------------------------------------------
     0 | D:1      | Mogus the Human Berserker began the quest for the Orb.
     0 | D:1      | Reached XP level 1. HP: 18/18 MP: 1/1
   224 | D:1      | Reached XP level 2. HP: 19/24 MP: 2/2
   291 | D:2      | Slain by a kobold

Illustrated notes

Levels and vault maps discovered:
D:1:      dpeg_arrival_shrine, layout_basic
D:2:      layout_rooms, serial_shops, shop, uniq_jessica

Action                     || total
---------------------------++-------
  Melee: Falchion          ||    17
 Armour: Animal skin       ||     1
  Dodge: Dodged            ||    16

Table legend: (Time is in decaauts)
 A = Elapsed time spent in this place.
 B = Non-inter-level travel time spent in this place.
 C = Inter-level travel time spent in this place.
 D = Time resting spent in this place.
 E = Time spent auto-exploring this place.
 F = Levels seen in this place.
 G = Mean time per level.
                   A        B        C        D        E       F      G
               +--------+--------+--------+--------+--------+-----+--------+
         Total |    295 |    284 |     11 |      0 |      0 |   2 |  147.5 |
       Dungeon |    295 |    284 |     11 |      0 |      0 |   2 |  147.5 |
               +--------+--------+--------+--------+--------+-----+--------+

Top non-repeatable levels by time:
     D:1: 275 daAuts
     D:2: 19 daAuts
